cohdb
Replays
Latest Replays
All Replays
Popular Replays
Top Player Replays
Match Explorer
How It Works
Community
CoH3 Stats
Reddit
Sign in to upload your games and track your stats! →
Sign in with Steam
Match 46733266
Unlisted
Match 46733266
Overview
Messages
Build Orders
End
Scout Squad
Construct Weapon Support Center
Selects Special Operations Battlegroup
Selects M29 Weasel Recon Vehicle
Selects M29 Weasel Recon Vehicle
M29 Weasel Recon Vehicle
M1919 Machine Gun Team
M1919 Machine Gun Team
Infantry Support Center
M3 Armored Personnel Carrier
Selects Raiding Flares
M3 Armored Personnel Carrier
Engineer Squad
M1919 Machine Gun Team
.30 cal Machine Gun
Advanced Logistics
Survival Training
Selects SSF Commando Squad
SSF Commando Squad
SSF Commando Squad
Improved M9 Bazooka Rockets
Munitions Surplus
SSF Commando Squad
Engineer Squad
Selects P-47 Anti-Infantry Loiter
P-47 Anti-Infantry Loiter
Construct Tank Depot
SSF Commando Squad
Bego
BlueSkidrow™ Legion
가드
MSZW
0
0
Comments
sign in to comment!
No comments posted yet!